 Dungeon Crawl Stone Soup version 0.31-a0-175-g9f7f995f2b (webtiles) character file.

Game seed: 13911962839184861527

24562 qw the Cleaver (level 13, -10/82 HPs)
             Began as a Gargoyle Fighter on June 16, 2023.
             Was a Priest of Okawaru.
             Killed from afar by an oklob plant (23 damage)
             ... with a splash of acid
             ... on level 4 of the Lair of Beasts.
             The game lasted 00:06:30 (12911 turns).

qw the Cleaver (Gargoyle Fighter)                  Turns: 12911, Time: 00:06:30

Health: -10/82     AC: 21    Str: 23    XL:     13   Next: 13%
Magic:  19/19      EV: 10    Int: 11    God:    Okawaru [***...]
Gold:   633        SH: 13    Dex:  9    Spells: 12/12 levels left

rFire   . . .        Y - +5 war axe
rCold   . . .        r - +2 buckler
rNeg    + + +        p - +0 chain mail
rPois   inf          a - +0 helmet
rElec   +            j - +0 cloak
rCorr   .            f - +0 pair of gloves
SInv    .            u - +0 pair of boots
Will    .....        h - amulet of reflection Stlth
                     e - ring of positive energy
HPRegen 0.33/turn    y - ring of positive energy
MPRegen 0.16/turn

%: reflection
@: about to teleport, heroic, corroded
A: sickness immunity, AC +9, negative energy resistance 1, electricity
resistance, torment resistance 1, petrification resistance
a: Renounce Religion, Heroism


You were on level 4 of the Lair of Beasts.
You worshipped Okawaru.
Okawaru was most pleased with you.
You visited 3 branches of the dungeon, and saw 15 of its levels.

You collected 842 gold pieces.
You spent 209 gold pieces at shops.


Innate Abilities, Weirdness & Mutations

You are immune to sickness and miasma.
Your stone body is resilient. (AC +9)
You are immune to poison.
You resist negative energy. (rN+)
You are resistant to electric shocks. (rElec)
You are resistant to unholy torment.
You are immune to petrification.


   Skills:
 - Level 10.0(15.0) Fighting
 + Level 13.6(18.6) Axes
 - Level 5.1(10.1) Throwing
 - Level 9.0(14.0) Armour
 - Level 2.0(7.0) Dodging
 - Level 6.1(11.1) Shields
 - Level 9.2 Invocations


You had 12 spell levels left.
You didn't know any spells.
Your spell library was empty.

Inventory:

Hand Weapons
 k - a +0 morningstar
 Y - a +5 war axe (weapon)
Missiles
 c - 3 javelins
 x - 2 silver javelins (quivered)
 A - a boomerang of dispersal
Armour
 a - a +0 helmet (worn)
 f - a +0 pair of gloves (worn)
 j - a +0 cloak (worn)
 p - a +0 chain mail (worn)
 r - a +2 buckler (worn)
 u - a +0 pair of boots (worn)
Jewellery
 e - a ring of positive energy (left hand)
 h - an amulet of reflection (around neck)
 m - a ring of fire
 n - a ring of fire
 y - a ring of positive energy (right hand)
Scrolls
 g - 3 scrolls of identify
 w - 2 scrolls of teleportation
Potions
 b - a potion of magic
 d - 2 potions of might
 i - 8 potions of curing
 l - 2 potions of lignification
 o - 2 potions of attraction
 q - 2 potions of mutation
 s - a potion of cancellation
 t - 3 potions of haste
 v - 2 potions of experience {unknown}
 z - a potion of resistance {unknown}

Dungeon Overview and Level Annotations

Branches:
Dungeon (10/15)            Temple (1/1) D:4            Lair (4/5) D:9
  Swamp (0/4) Lair:3        Snake (0/4) Lair:3
  Slime: Lair:4-5       Orc: D:9-12

Altars:
Ashenzari
Cheibriados
Dithmenos
Elyvilon
Fedhas
Gozag
Hepliaklqana
Kikubaaqudgha
Makhleb
Nemelex Xobeh
Okawaru
Qazlal
Ru
Sif Muna
Trog
Uskayaw
Vehumet
Wu Jian
Xom
Yredelemnul
Zin
The Shining One

Shops:
D:4 *

Annotations:
D:3 2 runed translucent doors, qw's ghost, amateur GrHu
Lair:1 3 runed translucent doors, qw's ghost, novice GrFi


Message History

The oklob plant is heavily damaged.
You slash the oklob plant!
The oklob plant is severely damaged.
You slash the oklob plant!
You destroy the oklob plant!
Okawaru accepts your kill. The oklob plant spits acid at you.
The splash of acid hits you! The acid corrodes you!
You see here 7 gold pieces.
You hit the oklob plant but do no damage.
You slice the oklob plant!!
The oklob plant is moderately damaged.
You hit the oklob plant.
The oklob plant is heavily damaged.
You hit the oklob plant.
The oklob plant is heavily damaged.
The oklob plant spits acid at you. The splash of acid hits you!
The acid corrodes you!
12906 ||| DRINKING 2 potions of cancellation.
Your magical effects are unravelling.
You feel magically purged.
You are no longer corroded.
The oklob plant spits acid at you. The splash of acid hits you!!
The acid corrodes you!
You hit the oklob plant.
The oklob plant is heavily damaged.
You hit the oklob plant but do no damage.
The oklob plant is heavily damaged.
You slash the oklob plant!
The oklob plant is severely damaged.
The oklob plant spits acid at you. The splash of acid hits you!!
The acid corrodes you!
12910 ||| READING 3 scrolls of teleportation.
As you read the scroll of teleportation, it crumbles to dust.
You feel strangely unstable.
You hit the oklob plant but do no damage.
The oklob plant is severely damaged.
The oklob plant spits acid at you. The splash of acid hits you!!
You die...

.......#P.........#.##.........##
...###...........##.###........P#
+..# #...........#...##........##
..## ##.+.......###...'........#
### ###.......# ##P##........# ##
#P....7777 777#.#.###P## .#
###..7777777 7##..##### .#
##.<777.$P7 7.#'##.##
.########...77$_@77 #.......#
.#..##..##..77$$..7 7.......#
....##P..'..77.77.7777.......##
....'....#.7777 77.77.........#
#....#.#....77777.7.77.......##
###.#####...77.7.7.77#.......#
..#.7.#..##77 7.7777 +.......#
.......### #77.7..777#.......#
.+..<.7# ##.77777.7#P..P...####


You could see an oklob plant.

Vanquished Creatures
  3 hydras
  A catoblepas (Lair:3)
  A boulder beetle (Lair:4)
  4 death yaks
  2 skysharks (Lair:4)
  A lindwurm (Lair:4)
  An oklob plant (Lair:4)
  4 black mambas
  An elephant (Lair:4)
  Joseph (D:6)
  9 cane toads
  A gargoyle (D:7)
  3 komodo dragons
  3 rime drakes
  A troll (D:9)
  3 polar bears
  5 blink frogs (Lair:3)
  Grinder (D:4)
  21 yaks
  3 wyverns
  Eustachio (D:5)
  3 basilisks
  2 steam dragons
  7 water moccasins
  An orc warrior (D:8)
  A sky beast (D:6)
  10 wolves
  3 ogres
  A phantom (D:5)
  2 kobold brigands
  A scorpion (D:7)
  A gnoll sergeant (D:9)
  13 bullfrogs
  4 wights (D:8)
  3 killer bees (D:9)
  2 lava snakes (Lair:2)
  8 orc priests
  4 hounds
  A gnoll bouda (D:5)
  2 jellies
  2 sleepcaps (D:4)
  4 iguanas
  2 orc wizards
  7 hell rats (Lair:3)
  Robin (D:3)
  6 adders
  10 gnolls
  3 shadow imps
  2 white imps
  An ufetubus (D:4)
  2 worms (D:3)
  2 dart slugs
  38 orcs
  9 bats
  6 endoplasms
  A giant cockroach (D:4)
  15 goblins
  8 hobgoblins
  2 jackals (D:1)
  16 kobolds
  3 quokkas
  6 ball pythons
  6 frilled lizards
  4 rats
295 creatures vanquished.

Notes
Turn   | Place    | Note
-------+----------+-------------------------------------------
     0 | D:1      | qw the Gargoyle Fighter began the quest for the Orb.
     0 | D:1      | Reached XP level 1. HP: 14/14 MP: 1/1
     0 | D:1      | 0 ||| qw: Version: 0.2-a-29-g511e9b1
     0 | D:1      | 0 ||| qw: Game counter: 5800
     0 | D:1      | 0 ||| qw: Always use a shield: true
     0 | D:1      | 0 ||| qw: God list: Okawaru
     0 | D:1      | 0 ||| qw: Allow faded altars: false
     0 | D:1      | 0 ||| qw: Do Orc after D:15 true
     0 | D:1      | 0 ||| qw: Do second Lair branch before Depths: true
     0 | D:1      | 0 ||| qw: Lair rune preference: random
     0 | D:1      | 0 ||| qw: Plans: Normal, Zot:1-4, Slime:5, God:TSO, Crypt,
                  | Tomb, Abyss, Pan, Hells, Win
     0 | D:1      | 0 ||| PLANNING D:1-11
    20 | D:1      | 20 ||| Stepping ~*~*~tactically~*~*~ (stealth).
    29 | D:1      | Reached skill level 2 in Axes
   117 | D:1      | Reached XP level 2. HP: 19/19 MP: 2/2
   310 | D:1      | 310 ||| Stepping ~*~*~tactically~*~*~ (hiding).
   424 | D:1      | 424 ||| Stepping ~*~*~tactically~*~*~ (stealth).
   426 | D:1      | 426 ||| Stepping ~*~*~tactically~*~*~ (stealth).
   431 | D:1      | 431 ||| Stepping ~*~*~tactically~*~*~ (hiding).
   469 | D:1      | Reached skill level 3 in Axes
   492 | D:1      | Reached XP level 3. HP: 23/23 MP: 3/3
   737 | D:1      | Found a faded altar of an unknown god.
   741 | D:1      | 741 ||| UPGRADING to +0 pair of gloves.
   746 | D:1      | 746 ||| UPGRADING to +0 cloak.
   751 | D:1      | 751 ||| READING scroll labelled IRYELA IMOESUGG.
   754 | D:1      | 754 ||| READING 2 scrolls labelled TUUSCH LUMEXA.
   755 | D:1      | 755 ||| DROPPING scroll of revelation.
   805 | D:2      | 805 ||| Stepping ~*~*~tactically~*~*~ (stealth).
   877 | D:2      | 877 ||| Stepping ~*~*~tactically~*~*~ (hiding).
   959 | D:2      | 959 ||| DROPPING +0 club.
  1141 | D:2      | 1141 ||| DROPPING +0 whip.
  1440 | D:2      | 1440 ||| UPGRADING to amulet of reflection.
  1445 | D:2      | 1445 ||| READING scroll labelled NEUXIL TEEMYAV.
  1446 | D:2      | 1446 ||| READING scroll labelled ERYOHA SUKHLUATZ.
  1447 | D:2      | 1447 ||| READING scroll labelled USUXUQ LYUZE.
  1470 | D:3      | 1470 ||| Stepping ~*~*~tactically~*~*~ (stealth).
  1474 | D:3      | Reached XP level 4. HP: 28/28 MP: 4/4
  1474 | D:3      | 1474 ||| Stepping ~*~*~tactically~*~*~ (stealth).
  1488 | D:3      | Reached skill level 4 in Axes
  1489 | D:3      | Found a runed translucent door.
  1542 | D:3      | HP: 6/28 [orc priest/+0 falchion (2)]
  1543 | D:3      | 1543 ||| READING 2 scrolls of teleportation.
  1546 | D:3      | 1546 ||| READING scroll of teleportation.
  1558 | D:3      | 1558 ||| Stepping ~*~*~tactically~*~*~ (stealth).
  1570 | D:3      | Noticed Robin
  1574 | D:3      | Killed Robin
  1575 | D:3      | Reached XP level 5. HP: 13/32 MP: 5/5
  1737 | D:3      | 1737 ||| Stepping ~*~*~tactically~*~*~ (hiding).
  1738 | D:3      | 1738 ||| Stepping ~*~*~tactically~*~*~ (hiding).
  1758 | D:3      | Found a radiant altar of Vehumet.
  2092 | D:3      | Found a faded altar of an unknown god.
  2106 | D:3      | Reached skill level 5 in Axes
  2286 | D:3      | Found a runed translucent door.
  2287 | D:3      | Noticed qw's ghost (amateur GrHu)
  2411 | D:3      | 2411 ||| UPGRADING to +0 helmet.
  2416 | D:3      | 2416 ||| READING scroll labelled UFOINN GARAAPS.
  2417 | D:3      | 2417 ||| READING scroll labelled PICRO TIHEBEM.
  2418 | D:3      | 2418 ||| READING 3 scrolls of identify.
  2418 | D:3      | 2418 ||| IDENTIFYING black potion
  2419 | D:3      | 2419 ||| READING 2 scrolls of identify.
  2419 | D:3      | 2419 ||| IDENTIFYING fizzy black potion
  2519 | D:4      | 2519 ||| Stepping ~*~*~tactically~*~*~ (hiding).
  2520 | D:4      | 2520 ||| Stepping ~*~*~tactically~*~*~ (hiding).
  2636 | D:4      | Found a staircase to the Ecumenical Temple.
  2637 | D:4      | 2637 ||| PLANNING TEMPLE
  2644 | Temple   | Entered the Ecumenical Temple
  2775 | Temple   | 2775 ||| PLANNING D:1-11
  2897 | D:4      | 2897 ||| Stepping ~*~*~tactically~*~*~ (stealth).
  2908 | D:4      | Reached skill level 1 in Dodging
  2908 | D:4      | Reached XP level 6. HP: 31/38 MP: 6/6
  3029 | D:4      | 3029 ||| DROPPING ring of wizardry.
  3036 | D:4      | 3036 ||| STAIRDANCE
  3052 | D:4      | 3052 ||| STAIRDANCE
  3053 | D:3      | Found a basalt altar of Yredelemnul.
  3166 | D:4      | Found Nuleppil's Assorted Antiques.
  3174 | D:4      | 3174 ||| SHOPLISTING 3 scrolls of enchant weapon (495 gold,
                  | have 210).
  3174 | D:4      | 3174 ||| BUYING chain mail (99 gold).
  3174 | D:4      | Bought a chain mail for 99 gold pieces
  3174 | D:4      | 3174 ||| SHOPLISTING crude plate armour (616 gold, have
                  | 111).
  3174 | D:4      | 3174 ||| BUYING potion of curing (66 gold).
  3174 | D:4      | Bought a potion of curing for 66 gold pieces
  3174 | D:4      | 3174 ||| SHOPLISTING potion of might (88 gold, have 45).
  3174 | D:4      | 3174 ||| BUYING scroll of identify (44 gold).
  3174 | D:4      | Bought a scroll of identify for 44 gold pieces
  3174 | D:4      | 3174 ||| SHOPLISTING smoky pink potion (19 gold, have 1).
  3227 | D:4      | 3227 ||| Stepping ~*~*~tactically~*~*~ (water).
  3302 | D:4      | 3302 ||| DROPPING +0 mace.
  3631 | D:4      | 3631 ||| UPGRADING to +0 chain mail.
  3641 | D:4      | 3641 ||| DROPPING +0 scale mail.
  3642 | D:4      | 3642 ||| DRINKING 2 dark potions.
  3643 | D:4      | 3643 ||| READING 2 scrolls of identify.
  3643 | D:4      | 3643 ||| IDENTIFYING bubbling orange potion
  3644 | D:4      | 3644 ||| DROPPING potion of enlightenment.
  3645 | D:4      | 3645 ||| DROPPING potion of degeneration.
  3673 | D:5      | Entered Level 5 of the Dungeon
  3673 | D:5      | Noticed Grinder
  3678 | D:5      | 3678 ||| STAIRDANCE
  3695 | D:5      | Reached skill level 6 in Axes
  3695 | D:5      | Reached XP level 7. HP: 41/43 MP: 7/7
  3700 | D:5      | Paralysed by Grinder for 4 turns
  3704 | D:5      | 3704 ||| STAIRDANCE
  3707 | D:4      | Killed Grinder
  3746 | D:5      | 3746 ||| Stepping ~*~*~tactically~*~*~ (stealth).
  3748 | D:5      | 3748 ||| Stepping ~*~*~tactically~*~*~ (stealth).
  3759 | D:5      | HP: 10/43 [adder (2)]
  3760 | D:5      | 3760 ||| DRINKING 2 potions of heal wounds.
  3763 | D:5      | Reached skill level 7 in Axes
  3768 | D:5      | 3768 ||| DRINKING potion of heal wounds.
  3819 | D:5      | 3819 ||| DROPPING +0 flail.
  3829 | D:5      | 3829 ||| READING scroll of enchant weapon.
  3829 | D:5      | 3829 ||| ENCHANTING +1 war axe.
  3852 | D:5      | 3852 ||| Stepping ~*~*~tactically~*~*~ (hiding).
  3871 | D:5      | Reached XP level 8. HP: 33/49 MP: 8/8
  3871 | D:5      | 3871 ||| Stepping ~*~*~tactically~*~*~ (hiding).
  3882 | D:5      | Reached skill level 1 in Throwing
  4040 | D:5      | Noticed Eustachio
  4042 | D:5      | 4042 ||| Stepping ~*~*~tactically~*~*~ (hiding).
  4043 | D:5      | 4043 ||| Stepping ~*~*~tactically~*~*~ (hiding).
  4044 | D:5      | 4044 ||| Stepping ~*~*~tactically~*~*~ (hiding).
  4048 | D:5      | 4048 ||| Stepping ~*~*~tactically~*~*~ (hiding).
  4103 | D:5      | Killed Eustachio
  4217 | D:5      | 4217 ||| Stepping ~*~*~tactically~*~*~ (hiding).
  4364 | D:5      | Reached skill level 8 in Axes
  4610 | D:5      | 4610 ||| READING scroll labelled KOUXZA OWINT.
  4611 | D:5      | 4611 ||| READING 3 scrolls labelled ABBIEM YGERANAE.
  4612 | D:5      | 4612 ||| READING 5 scrolls of identify.
  4612 | D:5      | 4612 ||| IDENTIFYING lumpy purple potion
  4613 | D:5      | 4613 ||| READING 4 scrolls of identify.
  4613 | D:5      | 4613 ||| IDENTIFYING brown potion
  4614 | D:5      | 4614 ||| READING 3 scrolls of identify.
  4614 | D:5      | 4614 ||| IDENTIFYING ruby potion
  4615 | D:5      | 4615 ||| DROPPING 2 scrolls of immolation.
  4616 | D:5      | 4616 ||| DROPPING potion of brilliance.
  4864 | D:6      | Reached skill level 6 in Fighting
  4913 | D:6      | Found an iron altar of Okawaru.
  4914 | D:6      | 4914 ||| PLANNING OKAWARU WORSHIP
  4921 | D:6      | Became a worshipper of Warmaster Okawaru
  4922 | D:6      | 4922 ||| PLANNING D:1-11
  5160 | D:6      | 5160 ||| Stepping ~*~*~tactically~*~*~ (stealth).
  5165 | D:6      | 5165 ||| Stepping ~*~*~tactically~*~*~ (stealth).
  5167 | D:6      | 5167 ||| Stepping ~*~*~tactically~*~*~ (stealth).
  5168 | D:6      | 5168 ||| Stepping ~*~*~tactically~*~*~ (stealth).
  5406 | D:6      | 5406 ||| DROPPING scarf of shadows.
  5407 | D:6      | 5407 ||| READING scroll labelled OPPEME GURRO.
  5408 | D:6      | 5408 ||| READING 3 scrolls of identify.
  5408 | D:6      | 5408 ||| IDENTIFYING fizzy green potion
  5409 | D:6      | 5409 ||| DROPPING potion of berserk rage.
  5439 | D:7      | Noticed a gargoyle
  5447 | D:7      | Killed a gargoyle
  5447 | D:7      | Reached * piety under Okawaru
  5448 | D:7      | Reached skill level 9 in Axes
  5448 | D:7      | Reached XP level 9. HP: 27/55 MP: 9/9
  5448 | D:7      | 5448 ||| INVOKING Heroism.
  5579 | D:7      | Noticed Joseph
  5580 | D:7      | 5580 ||| FLEEEEING.
  5581 | D:7      | 5581 ||| FLEEEEING.
  5582 | D:7      | 5582 ||| FLEEEEING.
  5583 | D:7      | 5583 ||| FLEEEEING.
  5584 | D:7      | 5584 ||| FLEEEEING.
  5585 | D:7      | 5585 ||| FLEEEEING.
  5586 | D:7      | 5586 ||| FLEEEEING.
  5587 | D:7      | 5587 ||| FLEEEEING.
  5588 | D:7      | 5588 ||| FLEEEEING.
  5589 | D:7      | 5589 ||| FLEEEEING.
  5590 | D:7      | 5590 ||| FLEEEEING.
  5591 | D:7      | 5591 ||| FLEEEEING.
  5592 | D:7      | 5592 ||| FLEEEEING.
  5593 | D:7      | 5593 ||| FLEEEEING.
  5594 | D:7      | 5594 ||| FLEEEEING.
  5596 | D:7      | 5596 ||| STAIRDANCE
  5629 | D:7      | 5629 ||| STAIRDANCE
  5638 | D:6      | 5638 ||| INVOKING Heroism.
  5646 | D:6      | Killed Joseph
  5729 | D:7      | Reached skill level 1 in Invocations
  5790 | D:7      | 5790 ||| Stepping ~*~*~tactically~*~*~ (hiding).
  5917 | D:7      | 5917 ||| READING scroll of enchant weapon.
  5917 | D:7      | 5917 ||| ENCHANTING +2 war axe.
  6185 | D:7      | 6185 ||| UPGRADING to ring of positive energy.
  6186 | D:7      | 6186 ||| READING 3 scrolls of identify.
  6186 | D:7      | 6186 ||| IDENTIFYING fizzy orange potion
  6350 | D:8      | 6350 ||| Stepping ~*~*~tactically~*~*~ (stealth).
  6354 | D:8      | 6354 ||| Stepping ~*~*~tactically~*~*~ (stealth).
  6363 | D:8      | 6363 ||| Stepping ~*~*~tactically~*~*~ (hiding).
  6368 | D:8      | 6368 ||| INVOKING Heroism.
  6434 | D:8      | Reached skill level 3 in Invocations
  6463 | D:8      | 6463 ||| INVOKING Heroism.
  6637 | D:8      | 6637 ||| Stepping ~*~*~tactically~*~*~ (hiding).
  6638 | D:8      | 6638 ||| INVOKING Heroism.
  6667 | D:8      | 6667 ||| Stepping ~*~*~tactically~*~*~ (hiding).
  6671 | D:8      | 6671 ||| INVOKING Heroism.
  6822 | D:8      | 6822 ||| Stepping ~*~*~tactically~*~*~ (stealth).
  6825 | D:8      | 6825 ||| Stepping ~*~*~tactically~*~*~ (stealth).
  6829 | D:8      | 6829 ||| Stepping ~*~*~tactically~*~*~ (stealth).
  7078 | D:8      | 7078 ||| DRINKING 2 amethyst potions.
  7079 | D:8      | 7079 ||| READING 2 scrolls of identify.
  7079 | D:8      | 7079 ||| IDENTIFYING smoky pink potion
  7230 | D:9      | Noticed a death yak
  7230 | D:9      | 7230 ||| INVOKING Heroism.
  7236 | D:9      | Noticed a death yak
  7239 | D:9      | Noticed a death yak
  7242 | D:9      | Reached XP level 10. HP: 56/63 MP: 11/13
  7250 | D:9      | 7250 ||| INVOKING Heroism.
  7252 | D:9      | Killed a death yak
  7253 | D:9      | Reached skill level 10 in Axes
  7258 | D:9      | HP: 11/63 [death yak (7)]
  7259 | D:9      | 7259 ||| DRINKING potion of heal wounds.
  7267 | D:9      | Killed a death yak
  7267 | D:9      | Reached ** piety under Okawaru
  7268 | D:9      | Reached skill level 6 in Armour
  7272 | D:9      | 7272 ||| INVOKING Heroism.
  7272 | D:9      | HP: 15/63 [death yak (7)]
  7277 | D:9      | Killed a death yak
  7277 | D:9      | Reached *** piety under Okawaru
  7277 | D:9      | HP: 14/64 [gnoll sergeant/+0 trident (2)]
  7280 | D:9      | HP: 6/65 [gnoll sergeant/+0 trident (8)]
  7291 | D:9      | HP: 6/65 [gnoll/+0 halberd[a gnoll sergeant] (3)]
  7502 | D:9      | Found a staircase to the Lair.
  7578 | D:9      | You fall into a shaft and drop 1 floor!
  7578 | D:10     | Entered Level 10 of the Dungeon
  7581 | D:10     | 7581 ||| UPGRADING to +2 buckler.
  7591 | D:10     | 7591 ||| DROPPING +0 buckler.
  7592 | D:10     | 7592 ||| READING 3 scrolls labelled OHEEBI ELONK.
  7593 | D:10     | 7593 ||| DROPPING 2 scrolls of blinking.
  7696 | D:9      | 7696 ||| Stepping ~*~*~tactically~*~*~ (stealth).
  7697 | D:9      | 7697 ||| INVOKING Heroism.
  7796 | D:9      | 7796 ||| Stepping ~*~*~tactically~*~*~ (stealth).
  7805 | D:9      | 7805 ||| Stepping ~*~*~tactically~*~*~ (stealth).
  7807 | D:9      | 7807 ||| Stepping ~*~*~tactically~*~*~ (stealth).
  8071 | D:9      | 8071 ||| Stepping ~*~*~tactically~*~*~ (stealth).
  8082 | D:9      | 8082 ||| INVOKING Heroism.
  8086 | D:9      | Reached skill level 3 in Throwing
  8381 | D:9      | 8381 ||| PLANNING LAIR
  8381 | D:9      | 8381 ||| READING scroll labelled ICAHULL TOSIL.
  8482 | D:9      | 8482 ||| READING 2 scrolls of identify.
  8482 | D:9      | 8482 ||| IDENTIFYING murky orange potion
  8559 | Lair:1   | Entered Level 1 of the Lair of Beasts
  8592 | Lair:1   | 8592 ||| INVOKING Heroism.
  8742 | Lair:1   | Reached skill level 11 in Axes
  8777 | Lair:1   | Reached XP level 11. HP: 63/69 MP: 14/14
  8834 | Lair:1   | You fall into a shaft and drop 1 floor!
  8835 | Lair:2   | 8835 ||| INVOKING Heroism.
  8854 | Lair:2   | 8854 ||| INVOKING Heroism.
  8870 | Lair:2   | 8870 ||| Stepping ~*~*~tactically~*~*~ (stealth).
  8904 | Lair:2   | Reached skill level 9 in Fighting
  8931 | Lair:2   | 8931 ||| Stepping ~*~*~tactically~*~*~ (stealth).
  8961 | Lair:2   | 8961 ||| INVOKING Heroism.
  9068 | Lair:2   | 9068 ||| INVOKING Heroism.
  9145 | Lair:2   | 9145 ||| READING scroll of enchant weapon.
  9145 | Lair:2   | 9145 ||| ENCHANTING +3 war axe.
  9170 | Lair:2   | 9170 ||| INVOKING Heroism.
  9346 | Lair:2   | Received a gift from Okawaru
  9359 | Lair:2   | 9359 ||| UPGRADING to +0 pair of boots.
  9364 | Lair:2   | 9364 ||| READING scroll labelled NEL QIKOUNGOUBBI.
  9497 | Lair:1   | Found a runed translucent gate.
  9497 | Lair:1   | Found a runed translucent gate.
  9498 | Lair:1   | Noticed qw's ghost (novice GrFi)
  9503 | Lair:1   | Found a runed translucent gate.
  9620 | Lair:1   | 9620 ||| READING scroll labelled PICYRI UFFE.
  9642 | Lair:2   | 9642 ||| INVOKING Heroism.
  9724 | Lair:2   | 9724 ||| INVOKING Heroism.
  9736 | Lair:2   | Reached skill level 12 in Axes
  9760 | Lair:2   | 9760 ||| INVOKING Heroism.
  9917 | Lair:2   | 9917 ||| FLEEEEING.
  9918 | Lair:2   | 9918 ||| FLEEEEING.
  9919 | Lair:2   | 9919 ||| FLEEEEING.
  9920 | Lair:2   | 9920 ||| FLEEEEING.
  9921 | Lair:2   | 9921 ||| FLEEEEING.
  9922 | Lair:2   | 9922 ||| FLEEEEING.
 10000 | Lair:2   | 10000 ||| INVOKING Heroism.
 10200 | Lair:2   | 10200 ||| UPGRADING to ring of positive energy.
 10212 | Lair:3   | 10212 ||| INVOKING Heroism.
 10221 | Lair:3   | Reached skill level 6 in Shields
 10223 | Lair:3   | Reached **** piety under Okawaru
 10352 | Lair:3   | 10352 ||| INVOKING Heroism.
 10362 | Lair:3   | Reached XP level 12. HP: 71/77 MP: 13/15
 10404 | Lair:3   | Noticed a four-headed hydra
 10405 | Lair:3   | 10405 ||| Stepping ~*~*~tactically~*~*~ (stealth).
 10406 | Lair:3   | 10406 ||| Stepping ~*~*~tactically~*~*~ (stealth).
 10410 | Lair:3   | 10410 ||| INVOKING Heroism.
 10415 | Lair:3   | 10415 ||| SWAPPING to +0 morningstar.
 10425 | Lair:3   | Killed a four-headed hydra
 10550 | Lair:3   | 10550 ||| UPGRADING to +4 war axe.
 10591 | Lair:3   | Received a gift from Okawaru
 10593 | Lair:3   | Found a staircase to the Swamp.
 10612 | Lair:3   | 10612 ||| Stepping ~*~*~tactically~*~*~ (stealth).
 10614 | Lair:3   | 10614 ||| INVOKING Heroism.
 10680 | Lair:3   | 10680 ||| INVOKING Heroism.
 10745 | Lair:3   | Noticed a catoblepas
 10746 | Lair:3   | 10746 ||| FLEEEEING.
 10829 | Lair:3   | 10829 ||| Stepping ~*~*~tactically~*~*~ (stealth).
 10831 | Lair:3   | 10831 ||| Stepping ~*~*~tactically~*~*~ (hiding).
 10835 | Lair:3   | 10835 ||| INVOKING Heroism.
 10842 | Lair:3   | Killed a catoblepas
 10868 | Lair:3   | 10868 ||| READING scroll of enchant weapon.
 10868 | Lair:3   | 10868 ||| ENCHANTING +4 war axe.
 11090 | Lair:3   | Found a staircase to the Snake Pit.
 11207 | Lair:3   | Reached skill level 6 in Invocations
 11475 | Lair:3   | 11475 ||| READING 3 scrolls of identify.
 11475 | Lair:3   | 11475 ||| IDENTIFYING silvery potion
 11476 | Lair:3   | 11476 ||| DROPPING potion of ambrosia.
 11583 | Lair:4   | Noticed a boulder beetle
 11584 | Lair:4   | 11584 ||| Stepping ~*~*~tactically~*~*~ (stealth).
 11585 | Lair:4   | 11585 ||| Stepping ~*~*~tactically~*~*~ (stealth).
 11594 | Lair:4   | 11594 ||| INVOKING Heroism.
 11653 | Lair:4   | 11653 ||| INVOKING Heroism.
 11659 | Lair:4   | Killed a boulder beetle
 11660 | Lair:4   | Reached skill level 13 in Axes
 11785 | Lair:4   | 11785 ||| Stepping ~*~*~tactically~*~*~ (hiding).
 11854 | Lair:4   | Found a blossoming altar of Fedhas.
 11857 | Lair:4   | 11857 ||| INVOKING Heroism.
 11866 | Lair:4   | HP: 9/77 [oklob plant/splash of acid (15)]
 11867 | Lair:4   | 11867 ||| READING 4 scrolls of teleportation.
 11868 | Lair:4   | 11868 ||| DRINKING potion of heal wounds.
 12080 | Lair:4   | 12080 ||| Stepping ~*~*~tactically~*~*~ (stealth).
 12106 | Lair:4   | 12106 ||| Stepping ~*~*~tactically~*~*~ (cloud).
 12109 | Lair:4   | 12109 ||| Stepping ~*~*~tactically~*~*~ (hiding).
 12110 | Lair:4   | 12110 ||| Stepping ~*~*~tactically~*~*~ (hiding).
 12113 | Lair:4   | 12113 ||| INVOKING Heroism.
 12118 | Lair:4   | 12118 ||| Stepping ~*~*~tactically~*~*~ (cloud).
 12120 | Lair:4   | Noticed a skyshark
 12121 | Lair:4   | 12121 ||| Stepping ~*~*~tactically~*~*~ (stealth).
 12146 | Lair:4   | Killed a skyshark
 12219 | Lair:4   | Noticed a skyshark
 12231 | Lair:4   | Killed a skyshark
 12231 | Lair:4   | Received a gift from Okawaru
 12241 | Lair:4   | 12241 ||| INVOKING Heroism.
 12243 | Lair:4   | Reached skill level 9 in Armour
 12287 | Lair:4   | 12287 ||| Stepping ~*~*~tactically~*~*~ (stealth).
 12346 | Lair:4   | 12346 ||| INVOKING Heroism.
 12593 | Lair:4   | Noticed a four-headed hydra
 12594 | Lair:4   | 12594 ||| INVOKING Heroism.
 12599 | Lair:4   | 12599 ||| SWAPPING to +0 morningstar.
 12602 | Lair:4   | Killed a four-headed hydra
 12603 | Lair:4   | Reached XP level 13. HP: 74/82 MP: 17/19
 12607 | Lair:4   | Received a gift from Okawaru
 12626 | Lair:4   | 12626 ||| UPGRADING to +5 war axe.
 12666 | Lair:4   | 12666 ||| INVOKING Heroism.
 12673 | Lair:4   | Reached skill level 9 in Invocations
 12710 | Lair:4   | 12710 ||| INVOKING Heroism.
 12713 | Lair:4   | 12713 ||| SWAPPING to +0 morningstar.
 12735 | Lair:4   | 12735 ||| UPGRADING to +5 war axe.
 12894 | Lair:4   | 12894 ||| INVOKING Heroism.
 12906 | Lair:4   | 12906 ||| DRINKING 2 potions of cancellation.
 12909 | Lair:4   | HP: 12/82 [oklob plant/splash of acid (18)]
 12910 | Lair:4   | 12910 ||| READING 3 scrolls of teleportation.
 12911 | Lair:4   | Killed from afar by an oklob plant

Levels and vault maps discovered:
D:1:      giann_wishing_wells, layout_rooms, shapermc_ecumenical_altar_petra
D:2:      layout_basic
D:3:      cheibrodos_pilgrimage, layout_loops_ring,
          nicolae_overflow_ecumenical_swirl, overflow_temple_1_default,
          ebering_ghost_sewer_f, minmay_fountain_box, grunt_ministairs_1,
          uniq_robin
D:4:      layout_loops_corners, minmay_temple_entry_glassed_door, serial_glass,
          glass_columns_a, glass_columns_b, glass_columns_c, serial_shops, shop,
          serial_bayou_lagoon_b
D:5:      layout_cave_pools, uniq_grinder, uniq_eustachio
D:6:      layout_gridville, okawaru_metal_pillars_1_2, chequers_avenue
D:7:      layout_cave_pools, uniq_joseph
D:8:      layout_basic
D:9:      layout_basic, dpeg_lair_monsters
D:10:     layout_grid_maze
Temple:   nicolae_temple_bog_church
Lair:1:   layout_hall_layers, ebering_ghost_rock_garden
Lair:2:   layout_gridlike
Lair:3:   layout_regular_city, swamp_mist, guppyfry_snake_entry_garden
Lair:4:   layout_roguey, hangedman_tree_tricks, minmay_shattered_shrine,
          grunt_megastairs_1

Skill      XL: |  1  2  3  4  5  6  7  8  9 10 11 12 13 |
---------------+----------------------------------------+-----
Axes           | 2 3 4 5 6 7 9 11 12 13 | 13.6
Fighting       | 4 5 6 7 8 10 | 10.0
Dodging        | 1 2 |  2.0
Armour         | 4 5 6 8 9 |  9.0
Throwing       | 1 3 4 5 |  5.1
Shields        | 5 6 |  6.1
Invocations    | 4 5 8 9 |  9.2

Action                     |  1- 3 |  4- 6 |  7- 9 | 10-12 | 13-15 || total
---------------------------+-------+-------+-------+-------+-------++-------
  Melee: War axe           |   135 |   168 |   289 |   459 |    17 ||  1068
         Morningstar       |       |       |       |    20 |     9 ||    29
  Throw: Boomerang         |       |    12 |    15 |       |       ||    27
         Javelin           |       |       |       |    90 |     4 ||    94
 Invoke: Heroism           |       |       |     7 |    27 |     3 ||    37
    Use: Scroll            |     5 |     7 |    11 |     9 |     1 ||    33
         Potion            |       |     1 |     3 |     2 |     1 ||     7
 Armour: Scale mail        |    66 |    40 |       |       |       ||   106
         Chain mail        |       |    12 |   131 |   206 |    13 ||   362
  Dodge: Dodged            |    64 |    54 |    84 |   149 |     2 ||   353
  Block: Buckler           |    16 |    70 |   112 |   278 |    13 ||   489
         Reflection        |       |     1 |       |     3 |       ||     4

Table legend:
 A = Non-vault XP
 B = Vault XP
 C = Vault XP percentage of total XP
 D = Non-vault monster count
 E = Vault monster count
 F = Vault count percentage of total count
                 A         B        C        D         E       F
            +---------+---------+-------+---------+---------+-------
      Total |   23137 |   11952 |  34.1 |     253 |      42 |  14.2
            +---------+---------+-------+---------+---------+-------
        D:1 |      44 |       0 |   0.0 |      24 |       0 |   0.0
        D:2 |      37 |       0 |   0.0 |      17 |       0 |   0.0
        D:3 |      56 |      93 |  62.4 |      15 |      18 |  54.5
        D:4 |     336 |     258 |  43.4 |      25 |       1 |   3.8
        D:5 |     789 |     203 |  20.5 |      28 |       1 |   3.4
        D:6 |     452 |     450 |  49.9 |      10 |       1 |   9.1
        D:7 |     731 |       0 |   0.0 |       7 |       0 |   0.0
        D:8 |     932 |       0 |   0.0 |      30 |       0 |   0.0
        D:9 |    1056 |    3278 |  75.6 |      15 |       7 |  31.8
     Lair:1 |     870 |       0 |   0.0 |       5 |       0 |   0.0
     Lair:2 |    6090 |       0 |   0.0 |      29 |       0 |   0.0
     Lair:3 |    8308 |       0 |   0.0 |      37 |       0 |   0.0
     Lair:4 |    3436 |    7670 |  69.1 |      11 |      14 |  56.0
            +---------+---------+-------+---------+---------+-------
